 Dungeon Crawl Stone Soup version 0.20.0-15-g7f486f2 (webtiles) character file.

928 Pikken the Ruffian (level 7, 0/73 HPs)
             Began as a Troll Monk on June 18, 2017.
             Was a Believer of Trog.
             Slain by an orc warrior
             ... wielding a +0 glaive
              (8 damage)
             ... on level 7 of the Dungeon.
             The game lasted 00:13:05 (4320 turns).

Pikken the Ruffian (Troll Monk)                     Turns: 4320, Time: 00:13:05

Health: 0/73       AC:  6    Str: 20      XL:     7   Next: 85%
Magic:  6/6        EV: 11    Int:  6      God:    Trog [**....]
Gold:   158        SH:  0    Dex: 11 (14) Spells: 6/6 levels left

rFire    . . .     SeeInvis .     - Unarmed
rCold    . . .     Gourm    +   (no shield)
rNeg     . . .     Faith    .   a - +0 robe
rPois    +         Spirit   .   (helmet restricted)
rElec    .         Reflect  .   (no cloak)
rCorr    +         Harm     .   (gloves unavailable)
MR       .....                  (boots unavailable)
Stlth    ++........             (no amulet)
Regen    0.7/turn               p - ring of resist corrosion
MPRegen  0.1/turn               s - ring of poison resistance

@: berserk cooldown, slowed, very slow
A: unfitting armour, claws 3, rugged brown scales 1, fast metabolism 3,
gourmand, regeneration 1, shaggy fur 1, tough skin 2
a: Berserk, Trog's Hand, Burn Spellbooks, Renounce Religion


You were on level 7 of the Dungeon.
You worshipped Trog.
Trog was pleased with you.
You were full.

You visited 1 branch of the dungeon, and saw 7 of its levels.

You collected 358 gold pieces.
You spent 200 gold pieces at shops.

Inventory:

Armour
 a - a +0 robe (worn)
Jewellery
 k - an uncursed amulet of the gourmand
 p - a ring of resist corrosion (left claw)
 s - a ring of poison resistance (right claw)
Wands
 o - a wand of paralysis (9/24)
 r - a wand of confusion (23/48)
Scrolls
 c - 3 scrolls of remove curse
 d - a scroll of immolation {unknown}
 e - a scroll of random uselessness {unknown}
 f - 3 scrolls of fear {unknown}
 g - 5 scrolls of teleportation
 j - 3 scrolls of enchant weapon {unknown}
 l - 2 scrolls of identify
 m - a scroll of fog {unknown}
Potions
 h - 4 potions of heal wounds
 t - 2 potions of agility
Comestibles
 b - 7 bread rations
 i - 6 fruits
 n - a royal jelly
 q - a meat ration


   Skills:
 * Level 4.3 Fighting
 + Level 4.0 Dodging
 - Level 1.5 Stealth
 + Level 7.2 Unarmed Combat


You had 6 spell levels left.
You didn't know any spells.

Dungeon Overview and Level Annotations

Branches:
Dungeon (7/15)             Temple (0/1) D:5

Altars:
Dithmenos
Fedhas
Qazlal
Trog
Uskayaw
Zin

Shops:
D:5 %

Annotations:
D:3 1 runed door


Innate Abilities, Weirdness & Mutations

You are too large for most types of armour.
You have claws for hands.
Your metabolism is lightning-fast.
You like to eat raw meat.
Your natural rate of healing is unusually fast.
You are covered in fur. (AC +1)
You have very tough skin. (AC +2)
You are partially covered in rugged brown scales. (AC +1, +3% HP)


Message History

The orc wizard is severely wounded.
The orc warrior hits you from afar with a glaive!
The orc wizard hits you but does no damage.
The orc hits you with a hand axe.
You scratch the orc wizard.
You kill the orc wizard!
Trog accepts your kill.
Trog appreciates your killing of a magic user.
You feel your strength returning. The orc warrior closely misses you.
The orc hits you with a hand axe!
* * * LOW HITPOINT WARNING * * *
The orc warrior hits you with a glaive!
* * * LOW HITPOINT WARNING * * *
The orc hits you but does no damage.
Things that are here:
a dagger; a robe; an orc corpse You scratch the orc warrior.
The orc warrior is lightly wounded.
The orc misses you. The orc warrior hits you with a glaive!
You die...

###############
#.....#.......#
..#.....#.......#
.......o#<......#
#@#.......#
#)o.......#
#.#.......#
#.#.......#
#.##.....##
#.###+#### #.#
#.. #..


You could see an orc warrior and an orc.

Vanquished Creatures
  A phantom (D:5)
  An ice beast (D:6)
  A sky beast (D:6)
  A water moccasin zombie (D:6)
  A scorpion (D:4)
  The ghost of Toogi the Digger, a weakling DEEE (D:3)
  3 crimson imps
  An orc priest (D:6)
  A jelly (D:6)
  A worker ant (D:4)
  3 orc wizards
  A howler monkey skeleton (D:6)
  4 gnolls (D:6)
  8 adders
  2 oozes
  5 worms
  A dart slug (D:1)
  2 leopard geckos
  18 orcs
  10 giant cockroaches
  7 goblins
  6 hobgoblins
  7 quokkas
  6 bats
  3 frilled lizards
  8 kobolds
  7 rats
110 creatures vanquished.

Notes
Turn   | Place    | Note
-------+----------+-------------------------------------------
     0 | D:1      | Pikken the Troll Monk began the quest for the Orb.
     0 | D:1      | Reached XP level 1. HP: 22/22 MP: 0/0
   138 | D:1      | Reached XP level 2. HP: 29/29 MP: 1/1
   590 | D:1      | Reached XP level 3. HP: 35/36 MP: 2/2
  1254 | D:2      | Reached skill level 4 in Unarmed Combat
  1377 | D:2      | Reached XP level 4. HP: 40/44 MP: 3/3
  1644 | D:3      | Found a glowing silver altar of Zin.
  1644 | D:3      | Noticed an angel
  1645 | D:3      | Found a runed door.
  1881 | D:3      | Found a blossoming altar of Fedhas.
  1883 | D:3      | Found a shadowy altar of Dithmenos.
  1886 | D:3      | Found a hide-covered altar of Uskayaw.
  1988 | D:3      | Reached XP level 5. HP: 48/52 MP: 4/4
  2208 | D:3      | Noticed Toogi's ghost (weakling DEEE)
  2220 | D:3      | Killed Toogi's ghost
  2220 | D:3      | Reached skill level 5 in Unarmed Combat
  2490 | D:4      | Reached XP level 6. HP: 46/61 MP: 5/5
  2636 | D:4      | Found a bloodstained altar of Trog.
  2644 | D:4      | Became a worshipper of Trog the Wrathful
  2644 | D:4      | Reached * piety under Trog
  2644 | D:4      | Reached ** piety under Trog
  2978 | D:5      | Entered Level 5 of the Dungeon
  3064 | D:5      | Found Izogh's Food Boutique.
  3071 | D:5      | Bought a bread ration for 50 gold pieces
  3071 | D:5      | Bought a bread ration for 50 gold pieces
  3071 | D:5      | Bought a bread ration for 50 gold pieces
  3071 | D:5      | Bought a meat ration for 50 gold pieces
  3176 | D:5      | Found a staircase to the Ecumenical Temple.
  3262 | D:5      | Reached skill level 6 in Unarmed Combat
  3290 | D:5      | Noticed a water elemental
  3292 | D:5      | Found a stormy altar of Qazlal.
  3299 | D:5      | Noticed an air elemental
  3475 | D:5      | Noticed a fire elemental
  3614 | D:6      | Reached XP level 7. HP: 65/68 MP: 6/6
  4048 | D:6      | Gained mutation: Your spells are a little easier to cast, but a little less powerful. [mutagenic meat]
  4053 | D:6      | Lost mutation: Your spells are a little easier to cast, but a little less powerful. [mutagenic meat]
  4054 | D:6      | Gained mutation: You are partially covered in rugged brown scales. (AC +1, +3% HP) [mutagenic meat]
  4121 | D:6      | Reached skill level 7 in Unarmed Combat
  4320 | D:7      | Slain by an orc warrior

Skill      XL: |  1  2  3  4  5  6  7 |
---------------+----------------------+-----
Unarmed Combat | 4 5 6 7 |  7.2
Dodging        | 3 4 |  4.0
Fighting       | 3 4 |  4.3
Stealth        | |  1.5

Action                   |  1- 3 |  4- 6 |  7- 9 || total
-------------------------+-------+-------+-------++-------
Melee: Unarmed           |   109 |   162 |    82 ||   353
       Punch             |     2 |     2 |     4 ||     8
Invok: Berserk           |       |     1 |     1 ||     2
  Use: Potion            |     3 |     3 |       ||     6
       Scroll            |     3 |       |       ||     3
 Stab: Sleeping          |     8 |     3 |       ||    11
  Eat: Chunk             |    15 |    23 |     9 ||    47
Armor: Robe              |    37 |    29 |    20 ||    86
Dodge: Dodged            |    62 |    62 |    33 ||   157
